 Dungeon Crawl Stone Soup version 0.24-a0-250-g6074511 (webtiles) character file.

Game seed: 5940229666959325438

188 Borgoz the Cutter (level 6, -2/38 HPs)
             Began as a Kobold Monk on Apr 14, 2019.
             Slain by a phantom (7 damage)
             ... on level 4 of the Dungeon.
             The game lasted 00:04:26 (3156 turns).

Borgoz the Cutter (Kobold Monk)                     Turns: 3156, Time: 00:04:26

Health: -2/38      AC:  3    Str: 10    XL:     6   Next: 0%
Magic:  6/6        EV: 17    Int: 11    God:
Gold:   249        SH:  0    Dex: 21    Spells: 5/5 levels left

rFire    . . .     SeeInvis +   b - +2 dagger (holy)
rCold    . . .     Gourm    +   (shield restricted)
rNeg     . . .     Faith    .   e - +0 leather armour
rPois    .         Spirit   .   (no helmet)
rElec    .         Reflect  .   (no cloak)
rCorr    .         Harm     .   (no gloves)
MR       .....                  (no boots)
Stlth    +++.......             t - amulet "Syadah" {Gourm Dex+3}
HPRegen  0.12/turn              s - ring of see invisible
MPRegen  0.10/turn              (no ring)

@: no status effects
A: small, carnivore
a: no special abilities


You were on level 4 of the Dungeon.
You were very full.

You visited 1 branch of the dungeon, and saw 4 of its levels.

You collected 249 gold pieces.

Inventory:

Hand Weapons
 a - a +1 dagger of venom
 b - a +2 dagger of holy wrath (weapon)
 m - a +2 dagger of speed
Armour
 e - a +0 leather armour (worn)
Jewellery
 s - a ring of see invisible (left hand)
 t - the amulet "Syadah" (around neck) {Gourm Dex+3}
   (You found it on level 4 of the Dungeon)

   [amulet of the gourmand]

   It allows you to eat raw meat even when not hungry.
   It affects your dexterity (+3).
Wands
 g - a wand of random effects (20)
Scrolls
 d - 3 scrolls of teleportation {unknown}
 f - 2 scrolls of identify {unknown}
 h - a scroll of enchant armour {unknown}
 j - 2 scrolls of remove curse {unknown}
 l - a scroll of immolation {unknown}
 n - a scroll of random uselessness {unknown}
 o - a scroll of fog {unknown}
Potions
 k - a potion of cancellation {unknown}
 p - a potion of haste {unknown}
 q - a potion of curing {unknown}
 r - 2 potions of might {unknown}
Comestibles
 c - 7 rations


   Skills:
 + Level 4.0 Fighting
 + Level 5.8 Short Blades
 + Level 0.9 Armour
 + Level 4.7 Dodging
 + Level 4.2 Stealth


You had 5 spell levels left.
You didn't know any spells.
Your spell library was empty.

Dungeon Overview and Level Annotations

Branches:
Dungeon (4/15)
 Temple: D:4-7

Altars:
Cheibriados
Dithmenos
Fedhas
Gozag
Hepliaklqana
Makhleb
Nemelex Xobeh
Qazlal
Trog
Uskayaw
Xom


Innate Abilities, Weirdness & Mutations

You are small and have problems with some larger weapons.
You are carnivorous and can eat meat at any time.


Message History

The phantom blinks!
The phantom blinks!
The phantom blinks!
The phantom blinks!
The phantom blinks!
The phantom blinks!
You closely miss the phantom.
The phantom is almost destroyed.
The phantom blinks!
The phantom misses you.
You barely miss the phantom.
The phantom is almost destroyed.
You hit the phantom but do no damage.
The phantom is almost destroyed.
The phantom hits you.
* * * LOW HITPOINT WARNING * * *
You barely miss the phantom.
The phantom is almost destroyed.
The phantom hits you!
You die...

#.#.##.##.##.# ##
#............###########.
###.##.##................
##.#.#.########........
##...# ##.###### ##.####
#####...##### #....#
#...).#.....# #....#
#.###...###.# ##.@.#
#.###.#.## .#
##W####.##.###.##.# #.#
#....###...... #.#
#>.##.##...... #.# #..#
#.#......
#.###..####.......
#.##..............
.....#####........ #.##.#
#........


You could see a phantom.

Vanquished Creatures
  Terence (D:2)
  3 gnolls (D:2)
  7 adders
  2 dart slugs (D:2)
  4 leopard geckos
  5 orcs (D:3)
  3 giant cockroaches
  12 goblins
  3 hobgoblins
  A quokka (D:2)
  A ball python (D:2)
  7 bats
  A frilled lizard (D:2)
  6 kobolds
  9 rats
65 creatures vanquished.

Notes
Turn   | Place    | Note
-------+----------+-------------------------------------------
     0 | D:1      | Borgoz the Kobold Monk began the quest for the Orb.
     0 | D:1      | Reached XP level 1. HP: 14/14 MP: 1/1
   246 | D:1      | Reached XP level 2. HP: 19/19 MP: 2/2
   873 | D:2      | Reached XP level 3. HP: 23/23 MP: 3/3
   884 | D:2      | Reached skill level 5 in Short Blades
  1141 | D:2      | Noticed Terence
  1153 | D:2      | Killed Terence
  1153 | D:2      | Reached XP level 4. HP: 23/29 MP: 4/4
  1379 | D:2      | Reached XP level 5. HP: 30/33 MP: 5/5
  1554 | D:2      | Found a hazy altar of Hepliaklqana.
  1686 | D:2      | Found a sparkling altar of Nemelex Xobeh.
  1691 | D:2      | Found a burning altar of Makhleb.
  1695 | D:2      | Found a shadowy altar of Dithmenos.
  1701 | D:2      | Found a blossoming altar of Fedhas.
  2205 | D:3      | Found a snail-covered altar of Cheibriados.
  2487 | D:3      | Found a stormy altar of Qazlal.
  2490 | D:3      | Noticed a water elemental
  2492 | D:3      | Noticed an air elemental
  2492 | D:3      | Noticed a fire elemental
  2779 | D:3      | Found a bloodstained altar of Trog.
  2882 | D:4      | Found a hide-covered altar of Uskayaw.
  2942 | D:4      | Got an ancient platinum amulet
  2944 | D:4      | Identified the amulet "Syadah" {Gourm Dex+3} (You found it
                  | on level 4 of the Dungeon)
  2981 | D:4      | Found a shimmering altar of Xom.
  3019 | D:4      | Reached XP level 6. HP: 38/38 MP: 6/6
  3028 | D:4      | Found an opulent altar of Gozag.
  3112 | D:4      | Noticed a phantom
  3156 | D:4      | Slain by a phantom

Levels and vault maps discovered:
D:1:      onia_arrival_larder, layout_loops_ring, chequers_serial_rivers_room_a,
          chequers_arboretum, minivault_5
D:2:      layout_basic, lemuel_doored_altar, grunt_temple_overflow_cloverleaf,
          hangedman_abyss_or_decor_lesser_grid, minivault_25, uniq_terence
D:3:      layout_loops_ring, lemuel_coloured_pillars_altar, cheibriados_altar_1,
          nicolae_qazlal_style_of_elements, first_ration
D:4:      layout_loops_ring, led_sif_book, kennysheep_little_box,
          eat_drink_and_be_merry_uskayaw, marbit_many_paths

Skill      XL: |  1  2  3  4  5 |
---------------+----------------+-----
Dodging        | 4 |  4.7
Stealth        | 3 4 |  4.2
Short Blades   | 5 |  5.8
Fighting       | 4 |  4.0
Armour         | |  0.9

Action                   |  1- 3 |  4- 6 || total
-------------------------+-------+-------++-------
Melee: Short sword       |    31 |       ||    31
       Dagger            |    39 |   214 ||   253
 Stab: Sleeping          |     6 |     4 ||    10
  Eat: Chunk             |     9 |     6 ||    15
Armor: Robe              |     3 |       ||     3
       Leather armour    |     3 |    38 ||    41
Dodge: Dodged            |    37 |   156 ||   193

Table legend:
 A = Non-vault XP
 B = Vault XP
 C = Vault XP percentage of total XP
 D = Non-vault monster count
 E = Vault monster count
 F = Vault count percentage of total count
                 A         B        C        D         E       F
            +---------+---------+-------+---------+---------+-------
      Total |     218 |      51 |  19.0 |      58 |       7 |  10.8
            +---------+---------+-------+---------+---------+-------
        D:1 |      12 |       6 |  33.3 |       8 |       5 |  38.5
        D:2 |     133 |      32 |  19.4 |      28 |       1 |   3.4
        D:3 |      67 |       0 |   0.0 |      20 |       0 |   0.0
        D:4 |       6 |      13 |  68.4 |       2 |       1 |  33.3
            +---------+---------+-------+---------+---------+-------
